AoeStats
← Emily001

Arena

513232103Analyzed
4v4 RM · 6d ago on Oct 12, 2026· 46m 19s· 8 players
Game mode
Random Map
Map size
Large (8 player)
Population
200
Speed
Normal
Resources
Standard
Victory
Conquest
Starting age
Dark Age
Ending age
Imperial Age
RankedLock teamsTeams togetherTeam positionsShared explorationLock speedFull tech treeHidden civsTurbo modeCheats
Victory
Defeat
🇦🇷 Mongols · Argentina
1603
+10
🇹🇼 Slavs · Taiwan
1592
+10
🇨🇭 Poles · Switzerland
1571
+11
🇹🇼 Bengalis · Taiwan
1326
+21
vs
🇨🇳 Persians · China
1656
-20
🇦🇷 Danes · Argentina
1423
-12
🇨🇳 Japanese · China
1406
-11
🇨🇳 Spanish · China
1350
-9
Emily001
10:14 Feudal Age
14:03 Castle Age
12:46 Horse Collar
12:53 Double-Bit Axe
16:51 Wheelbarrow
16:32 Bow Saw
20:28 Loom
21:41 Heavy Plow
23:09 Town Watch
24:14 Gold Mining
28:55 Imperial Age
27:38 Hand Cart
27:51 Stone Mining
27:27 Pikeman
29:21 Squires
29:04 Halberdier
30:01 Scale Mail Armor
30:11 Forging
30:06 Druzhina
30:27 Conscription
29:59 Man-at-Arms
31:08 Chain Mail Armor
31:01 Long Swordsman
32:29 Iron Casting
31:41 Two-Handed Swordsman
33:06 Plate Mail Armor
32:47 Scale Barding Armor
34:09 Coinage
33:21 Champion
33:28 Capped Ram
36:35 Blast Furnace
36:18 Bloodlines
36:08 Husbandry
35:44 Siege Ram
44:03 Two-Man Saw
42:59 Fletching
43:41 Crop Rotation
43:23 Fortified Wall
44:57 Banking
44:08 Cavalier
47:07 Chain Barding Armor
nicebro
11:04 Feudal Age
15:27 Castle Age
13:33 Horse Collar
13:48 Double-Bit Axe
14:37 Gold Mining
21:56 Bow Saw
21:47 Heavy Plow
23:30 Stone Mining
29:13 Imperial Age
27:10 Forging
27:05 Scale Barding Armor
28:06 Wheelbarrow
29:06 Chain Barding Armor
29:22 Iron Casting
30:46 Plate Barding Armor
30:47 Paiks
31:03 Conscription
31:42 Bloodlines
31:34 Husbandry
33:07 Blast Furnace
31:36 Elite Battle Elephant
32:14 Town Watch
32:15 Loom
33:21 Fletching
33:51 Hand Cart
33:36 Town Patrol
39:27 Caravan
39:57 Coinage
43:01 Coinage
42:41 Guilds
43:31 Bodkin Arrow
43:37 Padded Archer Armor
44:19 Crop Rotation
44:34 Crossbowman
Maelgwyn
10:18 Feudal Age
11:33 Double-Bit Axe
13:55 Castle Age
11:52 Horse Collar
14:59 Bow Saw
14:55 Heavy Plow
15:16 Bow Saw
18:52 Wheelbarrow
19:32 Gold Mining
20:08 Hand Cart
20:08 Hand Cart
25:06 Imperial Age
22:43 Fletching
23:48 Bodkin Arrow
23:54 Padded Archer Armor
23:59 Stone Mining
24:43 Loom
24:40 Crossbowman
25:52 Bracer
26:56 Chemistry
26:31 Crop Rotation
27:12 Arbalester
28:39 Ballistics
29:14 Siege Engineers
30:23 Leather Archer Armor
30:34 Scale Mail Armor
30:44 Forging
31:23 Conscription
31:06 Guard Tower
31:01 Arrowslits
32:04 Chain Mail Armor
31:37 Elite Obuch
33:17 Squires
34:23 Plate Mail Armor
34:33 Masonry
34:04 Treadmill Crane
35:37 Iron Casting
36:30 Hoardings
37:33 Keep
39:00 Coinage
38:53 Lechitic Legacy
41:58 Arson
43:14 Blast Furnace
42:57 Banking
LAT_Amaterasu
11:22 Feudal Age
12:15 Double-Bit Axe
15:08 Castle Age
13:36 Horse Collar
16:05 Loom
16:31 Bow Saw
16:22 Heavy Plow
16:50 Fletching
21:33 Bodkin Arrow
24:22 Padded Archer Armor
27:18 Bloodlines
27:10 Husbandry
27:10 Gold Mining
28:22 Ballistics
29:59 Wheelbarrow
30:00 Gold Shaft Mining
29:16 Stone Mining
38:49 Imperial Age
37:55 Leather Archer Armor
38:16 Stone Shaft Mining
38:36 Hand Cart
39:57 Conscription
39:25 Capped Ram
40:20 Bracer
41:27 Chemistry
41:45 Drill
41:40 Siege Ram
44:36 Thumb Ring
44:08 Elite Mangudai
45:37 Hoardings
45:32 Scale Barding Armor
班长
10:25 Feudal Age
14:30 Castle Age
12:46 Double-Bit Axe
13:44 Loom
16:24 Bow Saw
20:33 Horse Collar
25:56 Imperial Age
24:29 Heavy Plow
25:13 Fletching
25:24 Padded Archer Armor
31:19 Wheelbarrow
34:28 Chemistry
35:48 Ballistics
35:26 Bodkin Arrow
35:46 Leather Archer Armor
35:37 Elite Skirmisher
37:17 Atonement
40:04 Bracer
40:41 Ring Archer Armor
41:03 Fortified Wall
kiss192
10:31 Feudal Age
14:18 Castle Age
12:27 Double-Bit Axe
12:45 Horse Collar
15:19 Bow Saw
19:20 Heavy Plow
23:36 Wheelbarrow
25:31 Hand Cart
25:46 Loom
25:46 Town Watch
26:03 Gold Mining
26:03 Stone Mining
26:25 Scale Barding Armor
26:32 Forging
29:09 Imperial Age
27:47 Bloodlines
27:40 Husbandry
28:02 Chain Barding Armor
29:21 Iron Casting
29:53 Gold Shaft Mining
28:56 Cavalier
30:31 Plate Barding Armor
31:23 Blast Furnace
31:15 Savar
33:49 Two-Man Saw
33:22 Crop Rotation
33:24 Conscription
34:03 Devotion
36:35 Light Cavalry
38:38 Kamandaran
38:32 Crossbowman
39:05 Fletching
39:16 Padded Archer Armor
40:22 Chemistry
38:53 Hussar
39:45 Elite Skirmisher
40:31 Thumb Ring
40:23 Bodkin Arrow
40:43 Leather Archer Armor
40:58 Ballistics
40:36 Murder Holes
41:30 Masonry
42:37 Ring Archer Armor
king-WzRun
9:46 Feudal Age
13:21 Castle Age
12:07 Double-Bit Axe
12:39 Horse Collar
20:23 Wheelbarrow
20:39 Bow Saw
22:35 Gold Mining
22:48 Heavy Plow
23:09 Hand Cart
28:01 Imperial Age
25:17 Town Watch
25:50 Loom
27:24 Masonry
27:16 Fletching
27:26 Padded Archer Armor
28:00 Ballistics
27:45 Yasama
28:17 Bodkin Arrow
28:40 Elite Skirmisher
29:25 Bracer
29:41 Leather Archer Armor
30:13 Hoardings
30:46 Chemistry
31:47 Conscription
33:25 Ring Archer Armor
33:02 Siege Engineers
34:55 Guard Tower
34:50 Arrowslits
37:11 Keep
36:18 Treadmill Crane
Shab
10:27 Feudal Age
14:12 Castle Age
12:00 Horse Collar
12:06 Double-Bit Axe
15:16 Bow Saw
15:58 Heavy Plow
20:21 Wheelbarrow
19:58 Stone Mining
20:05 Gold Mining
21:52 Hand Cart
21:23 Town Watch
22:05 Loom
23:36 Gold Shaft Mining
23:42 Stone Shaft Mining
26:01 Scale Mail Armor
28:33 Imperial Age
26:27 Forging
26:20 Squires
26:06 Arson
27:17 Chain Mail Armor
28:31 Iron Casting
27:47 Fletching
27:47 Gambesons
28:52 Elite Varangian Guard
30:06 Plate Mail Armor
31:36 Blast Furnace
31:09 Masonry
32:17 Heavy Scorpion
33:39 Ballistics
34:20 Chemistry
33:26 Siege Engineers
34:26 Chemistry
33:47 Ballistics
33:55 Conscription
33:25 Hamask
34:23 Fletching
36:15 Bodkin Arrow
36:16 Murder Holes
38:00 Hoardings
38:44 Pikeman
41:19 Halberdier
43:54 Capped Ram
Connection lost

Rejoining the realm…

Still unreachable

The connection could not be restored.

Session expired

The server has moved on; the page needs a fresh start.